 Dungeon Crawl Stone Soup version 0.23.0 (webtiles) character file.

Game seed: 3753603018107408502

12740 dengdeng the Protected (level 11, -6/102 HPs)
             Began as a Minotaur Berserker on Feb 17, 2019.
             Was a High Priest of Trog.
             Mangled by a death knight
             ... wielding a +0 glaive
              (13 damage)
             ... on level 11 of the Dungeon on Feb 18, 2019.
             The game lasted 00:56:03 (11344 turns).

dengdeng the Protected (Minotaur Berserker)        Turns: 11344, Time: 00:56:04

Health: -6/102     AC: 23    Str: 25    XL:     11   Next: 66%
Magic:  3/3        EV:  9    Int:  2    God:    Trog [*****.]
Gold:   818        SH:  0    Dex: 10    Spells: 10/10 levels left

rFire    . . .     SeeInvis .   R - +3 great mace (antimagic)
rCold    + + +     Gourm    .   (shield currently unavailable)
rNeg     + . .     Faith    .   P - +0 plate armour
rPois    .         Spirit   .   (helmet restricted)
rElec    .         Reflect  .   B - +2 cloak {+Inv}
rCorr    .         Harm     +   T - +1 pair of gloves
MR       .....                  M - +0 pair of boots "Femaxtal" {rC+++ MR- Regen+ Int-2} (curse)
Stlth    ..........             i - amulet of harm
HPRegen  0.67/turn              (no ring)
MPRegen  0.08/turn              E - ring of positive energy

@: studying 2 skills
A: retaliatory headbutt, horns 2
a: Berserk, Trog's Hand, Brothers in Arms, Renounce Religion, Evoke Invisibility


You were on level 11 of the Dungeon.
You worshipped Trog.
Trog was extremely pleased with you.
You were not hungry.

You visited 1 branch of the dungeon, and saw 11 of its levels.
You also visited: Ossuary and Bailey.

You collected 1046 gold pieces.
You spent 228 gold pieces at shops.

Inventory:

Hand Weapons
 a - a +3 great mace of holy wrath
 R - a +3 antimagic great mace (weapon)
Missiles
 l - 11 tomahawks
 m - 296 stones
 A - 8 javelins of penetration
 J - 3 javelins
 O - 19 javelins of returning (quivered)
 Z - 5 exploding tomahawks
Armour
 B - a +2 cloak of invisibility (worn)
 I - a +0 shield
 M - the cursed +0 pair of boots "Femaxtal" (worn) {rC+++ MR- Regen+ Int-2}
   (You bought it in a shop on level 7 of the Dungeon)

   It affects your intelligence (-2).
   It renders you almost immune to cold.
   It affects your resistance to hostile enchantments.
   It increases your rate of regeneration.
   It has a curse placed upon it.
 P - a +0 plate armour (worn)
 T - a +1 pair of gloves (worn)
Jewellery
 i - an amulet of harm (around neck)
 u - an uncursed ring of magical power
 z - an uncursed ring of protection from cold
 E - a ring of positive energy (right hand)
Scrolls
 b - 10 scrolls of remove curse {unknown}
 f - 10 scrolls of identify
 g - 4 scrolls of blinking {unknown}
 h - 6 scrolls of amnesia {unknown}
 j - 2 scrolls of immolation {unknown}
 k - 6 scrolls of teleportation {unknown}
 n - a scroll of fog {unknown}
 p - 3 scrolls of enchant armour {unknown}
 q - a scroll of magic mapping {unknown}
 t - 6 scrolls of enchant weapon {unknown}
 C - a scroll of noise {unknown}
 K - a scroll of random uselessness {unknown}
 N - a scroll of silence {unknown}
Potions
 d - 4 potions of might {unknown}
 e - 8 potions of curing
 o - a potion of resistance {unknown}
 r - 5 potions of heal wounds
 v - 3 potions of degeneration {unknown}
 w - a potion of mutation {unknown}
 F - 2 potions of flight {unknown}
 G - 3 potions of lignification {unknown}
 H - 2 potions of invisibility {unknown}
 L - 2 potions of agility
 Q - a potion of berserk rage {unknown}
 X - a potion of brilliance {unknown}
 Y - a potion of ambrosia {unknown}
Books
 U - a manual of
Armour
 V - a manual of Fighting
Comestibles
 c - 20 rations
 S - 9 chunks of flesh


   Skills:
 * Level 11.0 Fighting
   Level 10.4 Long Blades
 * Level 12.2 Maces & Flails
 + Level 3.1 Throwing
 * Level 12.8 Armour
 + Level 4.5 Dodging
 + Level 0.9 Stealth


You had 10 spell levels left.
You didn't know any spells.
Your spell library was empty.

Dungeon Overview and Level Annotations

Branches:
Dungeon (11/15)            Temple (0/1) D:6            Lair (0/6) D:8
    Orc (0/2) D:10

Altars:
Cheibriados
Dithmenos
Fedhas
Gozag
Kikubaaqudgha
Nemelex Xobeh
Sif Muna
Trog
Uskayaw
Xom

Shops:
D:7 *


Innate Abilities, Weirdness & Mutations

You reflexively headbutt those who attack you in melee.
You have a pair of horns on your head.


Message History

The death knight hits you with a +0 glaive.
You sock the death knight!
The death knight is severely wounded.
The death knight hits you with a +0 glaive!!
* * * LOW HITPOINT WARNING * * *
You closely miss the death knight.
You headbutt the death knight, but do no damage.
The death knight is severely wounded.
You closely miss the death knight. Your headbutt misses the death knight.
The death knight is severely wounded.
The death knight hits you but does no damage.
You hit the death knight. You headbutt the death knight!
The death knight is almost dead.
The death knight hits you with a +0 glaive!
* * * LOW HITPOINT WARNING * * *
You hit the death knight but do no damage.
The death knight is almost dead.
You hear the faint crackling of a very distant melting archway.
The death knight hits you with a +0 glaive!
You die...

# #..# # +..# # #... # #.. #
. ######.. .# # ... #....#.#
#.# # ....##....#.# #.# ###
..........#.####.# ...
......p@..'......# ...
..........#......# ...
..........#......# ...
#####+###....#......#
#######.......#....#.####.#
#.............#....#......#
..............######......#
....:..........>..........#
............รท.............#


You could see a death knight.

Vanquished Creatures
  2 two-headed ogres
  The ghost of marthius the Thaumaturge, a novice DEEE of Makhleb (D:10)
  An unseen horror (D:10)
  A gargoyle (D:11)
  3 kobold demonologists (D:11)
  A troll (D:10)
  A hornet (D:9)
  3 hippogriffs
  4 hogs (D:7)
  A human (D:7)
  Grum (D:10)
  2 hungry ghosts (D:10)
  Edmund (D:4)
  A soldier ant (D:11)
  A water moccasin (D:8)
  3 ice beasts
  5 sky beasts
  A black bear (D:10)
  13 orc warriors
  4 ogres
  2 phantoms
  2 wolves (D:10)
  13 centaurs
  3 big kobolds
  6 bullfrogs
  A gnoll sergeant (D:6)
  5 scorpions
  A troll zombie (D:10)
  2 howler monkeys
  3 crimson imps
  2 bullfrog zombies
  A centaur zombie (D:10)
  A quasit (D:9)
  2 centaur skeletons
  11 orc priests
  A bullfrog skeleton (D:8)
  3 gnoll shamans
  7 hounds
  3 jellies
  Crazy Yiuf (D:4)
  2 iguanas (D:6)
  9 orc wizards
  11 worker ants
  5 ogre zombies (D:10)
  A hound zombie (D:6)
  8 mummies (Ossuary)
  15 gnolls
  12 adders
  A howler monkey simulacrum (D:10)
  An adder skeleton (D:7)
  3 worms
  2 dart slugs
  3 leopard geckos
  61 orcs
  A ball python (D:6)
  9 bats
  7 giant cockroaches
  A gnoll zombie (Ossuary)
  5 goblins
  8 hobgoblins
  14 jackals
  18 kobolds
  6 quokkas
  3 frilled lizards
  A goblin skeleton (D:10)
  6 goblin zombies
  A hobgoblin skeleton (D:10)
  5 hobgoblin zombies
  A jackal zombie (D:6)
  A kobold zombie (Ossuary)
  2 orc skeletons (D:10)
  12 orc zombies
  8 rats
363 creatures vanquished.

Notes
Turn   | Place    | Note
-------+----------+-------------------------------------------
     0 | D:1      | dengdeng the Minotaur Berserker began the quest for the
                  | Orb.
     0 | D:1      | Reached XP level 1. HP: 19/19 MP: 0/0
   380 | D:1      | Reached XP level 2. HP: 27/27 MP: 1/1
  1094 | D:2      | Reached XP level 3. HP: 31/33 MP: 2/2
  1411 | D:2      | Reached ** piety under Trog
  1411 | D:2      | Reached skill level 5 in Long Blades
  1751 | D:2      | Reached XP level 4. HP: 34/40 MP: 3/3
  1842 | D:2      | Found a blossoming altar of Fedhas.
  2136 | D:3      | Reached XP level 5. HP: 26/47 MP: 4/4
  3157 | D:4      | Reached XP level 6. HP: 53/53 MP: 5/5
  3183 | D:4      | Found a runed translucent door.
  3184 | D:4      | Noticed Crazy Yiuf
  3244 | D:4      | Noticed Edmund
  3260 | D:4      | Killed Edmund
  3406 | D:4      | Reached *** piety under Trog
  3635 | D:4      | Noticed a hippogriff
  3644 | D:4      | Killed a hippogriff
  3644 | D:4      | Reached skill level 5 in Fighting
  3644 | D:4      | Reached skill level 5 in Armour
  3644 | D:4      | Reached XP level 7. HP: 52/61 MP: 6/6
  3773 | D:4      | Killed Crazy Yiuf
  3816 | D:5      | Entered Level 5 of the Dungeon
  3986 | D:5      | Reached skill level 1 in Maces & Flails
  4600 | D:6      | Reached XP level 8. HP: 69/69 MP: 7/7
  4606 | D:6      | Found a staircase to the Ecumenical Temple.
  5222 | D:6      | Found a blossoming altar of Fedhas.
  5222 | D:6      | Found a hide-covered altar of Uskayaw.
  5530 | D:6      | Found a shimmering altar of Xom.
  5542 | D:6      | Found a shadowy altar of Dithmenos.
  5550 | D:6      | Reached skill level 1 in Throwing
  5553 | D:6      | Reached **** piety under Trog
  5884 | D:6      | Reached XP level 9. HP: 54/75 MP: 8/8
  5913 | D:6      | Reached skill level 5 in Maces & Flails
  6115 | D:6      | Found a sparkling altar of Nemelex Xobeh.
  6115 | D:6      | Found an ancient bone altar of Kikubaaqudgha.
  6115 | D:6      | Found a deep blue altar of Sif Muna.
  6115 | D:6      | Found a snail-covered altar of Cheibriados.
  6118 | D:6      | Found a bloodstained altar of Trog.
  6120 | D:6      | Found a blossoming altar of Fedhas.
  6416 | D:7      | Received a gift from Trog
  6588 | D:7      | Found Muci's Assorted Antiques.
  6593 | D:7      | Bought a pair of transparent boots for 228 gold pieces
  6598 | D:7      | Identified the cursed +0 pair of boots "Femaxtal" {rC+++
                  | MR- Regen+ Int-2} (You bought it in a shop on level 7 of
                  | the Dungeon)
  6960 | D:7      | Reached skill level 10 in Long Blades
  7194 | D:8      | Noticed a two-headed ogre
  7203 | D:8      | Killed a two-headed ogre
  7203 | D:8      | Reached XP level 10. HP: 33/84 MP: 9/9
  7264 | D:8      | Found a staircase to the Lair.
  7365 | D:8      | Found a sand-covered staircase.
  7373 | Ossuary  | Entered an ossuary
  7397 | Ossuary  | Reached ***** piety under Trog
  7691 | D:8      | Found a bloodstained altar of Trog.
  7750 | D:8      | Received a gift from Trog
  8337 | D:9      | Found a shimmering altar of Xom.
  8338 | D:9      | Found a shimmering altar of Xom.
  8339 | D:9      | Found a shimmering altar of Xom.
  8339 | D:9      | Found a shimmering altar of Xom.
  8340 | D:9      | Found a shimmering altar of Xom.
  8340 | D:9      | Found a shimmering altar of Xom.
  8362 | D:9      | Found a flagged portal.
  8375 | Bailey   | Entered a bailey
  8562 | Bailey   | Reached skill level 10 in Armour
  8770 | Bailey   | Reached skill level 10 in Maces & Flails
  9738 | D:10     | Entered Level 10 of the Dungeon
  9748 | D:10     | Reached XP level 11. HP: 67/97 MP: 3/10
  9829 | D:10     | Found a runed translucent gate.
  9830 | D:10     | Found a runed translucent gate.
  9861 | D:10     | Found a staircase to the Orcish Mines.
 10033 | D:10     | Killed an unseen horror
 10099 | D:10     | Noticed Grum
 10111 | D:10     | Killed Grum
 10240 | D:10     | Received a gift from Trog
 10240 | D:10     | Reached skill level 10 in Fighting
 10408 | D:10     | Found a runed translucent gate.
 10408 | D:10     | Found an opulent altar of Gozag.
 10412 | D:10     | Noticed marthius's ghost (novice DEEE)
 10539 | D:10     | Noticed a two-headed ogre
 10544 | D:10     | Killed a two-headed ogre
 11082 | D:10     | Killed marthius's ghost
 11208 | D:11     | Received a gift from Trog
 11333 | D:11     | Noticed a death knight
 11344 | D:11     | Mangled by a death knight

Skill      XL: |  1  2  3  4  5  6  7  8  9 10 11 |
---------------+----------------------------------+-----
Long Blades    | 4 5 6 8 9 10 | 10.4
Fighting       | 4 5 6 9 11 | 11.0
Armour         | 3 5 6 7 9 10 12 | 12.8
Dodging        | 3 4 |  4.5
Maces & Flails | 1 4 8 10 12 | 12.2
Throwing       | 1 2 3 |  3.1
Stealth        | |  0.9

Action                   |  1- 3 |  4- 6 |  7- 9 | 10-12 || total
-------------------------+-------+-------+-------+-------++-------
Melee: Falchion          |    79 |   124 |       |       ||   203
       Headbutt          |    10 |    31 |    33 |    61 ||   135
       Dire flail        |       |    19 |   218 |    73 ||   310
       Great mace        |       |       |       |   315 ||   315
Throw: Tomahawk          |       |     5 |     4 |       ||     9
       Javelin           |       |       |       |    25 ||    25
Invok: Berserk           |       |       |     3 |     4 ||     7
       Trog's Hand       |       |       |       |     1 ||     1
  Use: Potion            |       |       |     1 |       ||     1
       Scroll            |       |       |       |     1 ||     1
  Eat: Chunk             |     3 |     6 |    11 |    19 ||    39
       Ration            |       |       |     1 |     1 ||     2
Armor: Animal skin       |    17 |       |       |       ||    17
       Chain mail        |     8 |    72 |   201 |    23 ||   304
       Plate armour      |       |       |       |   364 ||   364
Dodge: Dodged            |    45 |    74 |   149 |   319 ||   587
       Rpst.: Falchion   |    18 |    16 |       |       ||    34
